 Dungeon Crawl Stone Soup version 0.28-a0-1506-g3893175d92 (webtiles) character file.

Game seed: 1949528220853801446

1355 lunkers the Covert (level 8, 0/60 HPs)
             Began as a Vampire Delver on Jan 12, 2022.
             Was an Initiate of Kikubaaqudgha.
             Splashed by a jelly's acid (8 damage)
             ... on level 5 of the Dungeon on Jan 13, 2022.
             The game lasted 00:16:53 (5648 turns).

lunkers the Covert (Vampire Delver)                 Turns: 5648, Time: 00:16:54

Health: 0/60       AC: -4    Str: 11    XL:     8   Next: 37%
Magic:  8/8        EV: 17    Int: 15    God:    Kikubaaqudgha [......]
Gold:   182        SH:  0    Dex: 15    Spells: 7/7 levels left

rFire   . . .      SeeInvis +   w - +1 dagger (venom)
rCold   + . .      Faith    .   (no shield)
rNeg    . . .      Spirit   .   n - +2 robe {Will+}
rPois   .          Reflect  .   (no helmet)
rElec   .          Harm     .   (no cloak)
rCorr   .          Rampage  .   (no gloves)
Will    +....                   (no boots)
Stlth   +++++.....              (no amulet)
HPRegen 0.40/turn               m - ring of protection from cold
MPRegen 0.11/turn               o - +4 ring of evasion

@: corroded, healing quickly
A: alive, fangs 3, see invisible, vampiric 2
a: Exsanguinate, Renounce Religion


You were on level 5 of the Dungeon.
You worshipped Kikubaaqudgha.
Kikubaaqudgha was noncommittal.
You visited 2 branches of the dungeon, and saw 7 of its levels.

You collected 381 gold pieces.
You spent 199 gold pieces at shops.

Inventory:

Hand Weapons
 a - a +0 short sword
 v - a +0 dagger
 w - a +1 dagger of venom (weapon)
Missiles
 r - 3 throwing nets
Armour
 b - a +0 leather armour
 n - a +2 robe of willpower (worn)
Jewellery
 e - the amulet "Faenove" {Acrobat Harm rElec}
   (You found it on level 3 of the Dungeon)

   [amulet of the acrobat]

   It increases your evasion while moving and waiting.
   rElec:     It insulates you from electricity.
   Harm:      It increases damage dealt and taken.
 m - a ring of protection from cold (left hand)
 o - a +4 ring of evasion (right hand)
Wands
 g - a wand of digging (2)
 p - a wand of mindburst (3)
Scrolls
 c - a scroll of fog
 d - a scroll of magic mapping
 f - 2 scrolls of torment
 q - 3 scrolls of amnesia
Potions
 h - a potion of lignification {unknown}
 i - 4 potions of curing
 j - 3 potions of heal wounds
 k - 3 potions of might
 l - a potion of cancellation


   Skills:
 + Level 3.8 Fighting
 - Level 8.0 Short Blades
 + Level 3.9 Dodging
 - Level 12.0 Stealth


You had 7 spell levels left.
You didn't know any spells.
Your spell library contained the following spells:

 Spells                   Type           Power      Damage    Failure   Level
 Foxfire                  Conj/Fire      0%         2x1d4     26%         1
 Blink                    Tloc           0%         N/A       38%         2
 Conjure Flame            Conj/Fire      0%         6-21      63%         3
 Inner Flame              Hex/Fire       0%         N/A       63%         3
 Lesser Beckoning         Tloc           0%         N/A       63%         3
 Flame Wave               Conj/Fire      0%         2d4       95%         4
 Fulminant Prism          Conj/Hex       0%         3d6       95%         4
 Iskenderun's Mystic Bla  Conj/Tloc      0%         2d3       95%         4
 Lee's Rapid Deconstruct  Erth           0%         3d5*      100%        5
 Manifold Assault         Tloc           0%         N/A       100%        5


Dungeon Overview and Level Annotations

Branches:
Dungeon (6/15)             Temple (1/1) D:5

Altars:
Cheibriados
Elyvilon
Fedhas
Gozag
Kikubaaqudgha
Makhleb
Nemelex Xobeh
Okawaru
Qazlal
Ru
Sif Muna
Trog
Uskayaw
Vehumet
Xom
Yredelemnul
The Shining One

Shops:
D:2 *   D:3 ([[=

Annotations:
D:6 Prince Ribbit


Innate Abilities, Weirdness & Mutations

Your natural rate of healing is accelerated.
You have razor-sharp teeth.
You have supernaturally acute eyesight. (SInv)
You are afflicted with vampirism and can become a bat while bloodless.


Message History

You hit the jelly.
Your hands burn!
The jelly is severely wounded.
The jelly misses you.
You completely miss the jelly.
The jelly is severely wounded.
You hit the jelly but do no damage.
Your hands burn!
You punch the jelly, but do no damage.
The jelly is severely wounded.
The jelly hits you.
You are splashed with acid!
* * * LOW HITPOINT WARNING * * *
The jelly hits you.
* * * LOW HITPOINT WARNING * * *
You are splashed with acid.
* * * LOW HITPOINT WARNING * * *
You are no longer corroded.
The jelly barely misses you. The jelly barely misses you.
The jelly jiggles.
The jelly hits you.
* * * LOW HITPOINT WARNING * * *
You are splashed with acid!
* * * LOW HITPOINT WARNING * * *
You hit the jelly.
Your hands burn!
* * * LOW HITPOINT WARNING * * *
The jelly is severely wounded.
You hit the jelly. The acid corrodes you!
Your hands burn!
* * * LOW HITPOINT WARNING * * *
The jelly is almost dead.
The jelly closely misses you.
You hit the jelly but do no damage. The acid corrodes you!
Your hands burn!
* * * LOW HITPOINT WARNING * * *
The jelly is almost dead.
You hit the jelly but do no damage.
The jelly is poisoned.
Your hands burn!
* * * LOW HITPOINT WARNING * * *
The jelly is almost dead.
The jelly hits you.
* * * LOW HITPOINT WARNING * * *
You are splashed with acid!
You die...
Kikubaaqudgha rasps: "You have failed me!
Welcome... death!"

.#......................#<.......
...#..................###........
.#....................# #......(.
......................# ###....#.
......................# #....#.
.............(........# #....#.
.............)........# #....#.
.............).[J.....# #....#.
............##[.@###### #......
.................# #.....#
.................#### #.....#
....................### #.....#
............(.........# #.....#
......................# ###.#.#
............#.........#######.#.#
............#....#.......<....#.)
............#....'...............


You could see a jelly (very poisoned).

Vanquished Creatures
  Sigmund (D:2)
  Edmund (D:5)
  A water moccasin (D:5)
  An ice beast (D:5)
  An ogre (D:5)
  A centaur (D:4)
  A bullfrog (D:4)
  A scorpion (D:5)
  A water moccasin zombie (D:5)
  A water moccasin skeleton (D:6)
  2 jellies (D:4)
  An orc priest (D:5)
  2 hounds
  An iguana (D:5)
  An orc wizard (D:4)
  A hound skeleton (D:4)
  9 gnolls
  A howler monkey skeleton (D:5)
  8 adders
  2 worms
  A dart slug (D:2)
  11 orcs
  8 ball pythons
  2 bats (D:1)
  An endoplasm (D:2)
  2 giant cockroaches
  8 goblins
  6 hobgoblins
  6 jackals
  2 quokkas
  8 kobolds
  6 rats
99 creatures vanquished.

Notes
Turn   | Place    | Note
-------+----------+-------------------------------------------
     0 | D:5      | lunkers the Vampire Delver began the quest for the Orb.
     0 | D:5      | Reached XP level 1. HP: 17/17 MP: 1/1
     1 | D:5      | Noticed a wight
     9 | D:5      | Noticed a scorpion
    68 | D:5      | Noticed a wight
    71 | D:5      | Noticed a wight
    72 | D:5      | Killed a scorpion
    73 | D:5      | Reached skill level 9 in Stealth
    73 | D:5      | Reached XP level 2. HP: 23/23 MP: 2/2
    73 | D:5      | Gained mutation: You are afflicted with vampirism and can
                  | become a bat while bloodless. [Vampire growth]
    73 | D:5      | Reached XP level 3. HP: 28/28 MP: 3/3
   161 | D:5      | Noticed an ogre
   181 | D:6      | Noticed a scorpion
   186 | D:6      | Noticed an ogre
   202 | D:6      | Noticed Prince Ribbit
   240 | D:6      | Reached XP level 4. HP: 14/34 MP: 4/4
   319 | D:6      | Noticed an ice beast
   344 | D:6      | Upgraded the game from 0.28-a0-1493-g08698888e4 to
                  | 0.28-a0-1506-g3893175d92
   391 | D:5      | Noticed a water moccasin
   394 | D:4      | Noticed a bullfrog
   395 | D:4      | Killed a bullfrog
   396 | D:4      | Reached skill level 10 in Stealth
   396 | D:4      | Reached XP level 5. HP: 15/39 MP: 5/5
   476 | D:3      | Identified the amulet "Faenove" {Acrobat Harm rElec}
   650 | D:2      | Found Goettiv's Assorted Antiques.
  1553 | D:1      | Found a faded altar of an unknown god.
  1651 | D:2      | Noticed Sigmund
  1654 | D:2      | Killed Sigmund
  1655 | D:2      | Reached skill level 11 in Stealth
  1655 | D:2      | Reached XP level 6. HP: 46/46 MP: 6/6
  2120 | D:3      | Found Jeinuac's Antique Armour Shoppe.
  2138 | D:3      | Found Beashrif's Antique Armour Shoppe.
  2251 | D:3      | Reached skill level 5 in Short Blades
  2412 | D:3      | Found Tagh's Weapon Shoppe.
  2476 | D:3      | Found Cozaesuxid's Jewellery Emporium.
  3168 | D:4      | Reached XP level 7. HP: 27/51 MP: 7/7
  3769 | D:4      | Reached skill level 12 in Stealth
  4269 | D:5      | Noticed Edmund
  4294 | D:5      | Killed Edmund
  4295 | D:5      | Reached XP level 8. HP: 26/57 MP: 8/8
  4644 | D:5      | Found a radiant altar of Vehumet.
  4912 | D:5      | Found a staircase to the Ecumenical Temple.
  4934 | Temple   | Entered the Ecumenical Temple
  5088 | Temple   | Became a worshipper of Kikubaaqudgha
  5168 | D:3      | Bought a pair of ancient gloves for 199 gold pieces
  5168 | D:3      | Identified the -1 pair of gloves of Voim {Rampage Fly rC-
                  | Stlth+} (You bought it in a shop on level 3 of the Dungeon)
  5648 | D:5      | Splashed by a jelly's acid

Illustrated notes

Levels and vault maps discovered:
D:1:      minmay_arrival_four_loops, layout_loops_ring,
          hellmonk_ecumenical_altar_pennies_from_heaven
D:2:      layout_loops_cross, serial_shops, shop, minivault_25,
          chequers_serial_rivers_micro_b, uniq_sigmund
D:3:      layout_loops_ring, serial_shops, nicolae_shop_bloodbath_and_beyond,
          shop_coins, nicolae_shop_trees, shop
D:4:      layout_loops_ring, kennysheep_potato
D:5:      layout_basic, nicolae_vehumet_radiance,
          minmay_temple_entry_sparse_star, feat_on_display, uniq_edmund
D:6:      layout_basic, uniq_prince_ribbit1, uniq_eustachio
Temple:   kb_temple_of_zot

Skill      XL: |  1  2  3  4  5  6  7  8 |
---------------+-------------------------+-----
Stealth        | 9 10 11 12 | 12.0
Short Blades   | 3 4 5 7 8 |  8.0
Fighting       | 3 |  3.8
Dodging        | 3 |  3.9

Action                   |  1- 3 |  4- 6 |  7- 9 || total
-------------------------+-------+-------+-------++-------
Melee: Short sword       |    17 |   175 |    38 ||   230
       Bite              |     1 |    19 |    34 ||    54
       Punch             |     1 |     3 |     6 ||    10
       Dagger            |       |       |   181 ||   181
Evoke: Wand              |       |     2 |    11 ||    13
  Use: Scroll            |     1 |     5 |     7 ||    13
       Potion            |       |     1 |       ||     1
 Stab: Sleeping          |     1 |    26 |     4 ||    31
       Paralysed         |       |       |     1 ||     1
Armor: Leather armour    |     4 |    13 |       ||    17
       Robe              |       |     9 |    23 ||    32
Dodge: Dodged            |    13 |    89 |   148 ||   250

Table legend: (Time is in decaauts)
 A = Elapsed time spent in this place.
 B = Non-inter-level travel time spent in this place.
 C = Inter-level travel time spent in this place.
 D = Time resting spent in this place.
 E = Time spent auto-exploring this place.
 F = Levels seen in this place.
 G = Mean time per level.
                   A        B        C        D        E       F      G
               +--------+--------+--------+--------+--------+-----+--------+
         Total |   5551 |   5203 |    348 |    216 |   3463 |   7 |  793.0 |
       Dungeon |   5375 |   5072 |    303 |    216 |   3382 |   6 |  895.8 |
        Temple |    176 |    131 |     45 |      0 |     81 |   1 |  176.0 |
               +--------+--------+--------+--------+--------+-----+--------+

Top non-repeatable levels by time:
     D:4: 1550 daAuts
     D:5: 1273 daAuts
     D:2: 807 daAuts
     D:1: 777 daAuts
     D:3: 748 daAuts
     D:6: 218 daAuts
  Temple: 176 daAuts
